 Dungeon Crawl Stone Soup version 0.31.0-12-g77e489cdc1 (webtiles) character file.

Game seed: 17683640472538388960

126 Gadfly the Covered (level 4, -1/38 HPs)
             Began as an Armataur Fighter on Mar 1, 2024.
             Slain by a gnoll
             ... wielding a +0 halberd
              (13 damage)
             ... on level 3 of the Dungeon.
             The game lasted 00:02:12 (1935 turns).

Gadfly the Covered (Armataur Fighter)               Turns: 1935, Time: 00:02:12

Health: -1/38      AC:  7    Str: 21    XL:     4   Next: 84%
Magic:  5/5        EV:  7    Int:  8    God:
Gold:   64         SH:  4    Dex: 12    Spells: 3/3 levels left

rFire   . . .        a - +0 flail
rCold   . . .        c - +0 buckler
rNeg    . . .        b - +0 scale mail
rPois   .            (no helmet)
rElec   .            (no cloak)
rCorr   +            (no gloves)
SInv    .            (no barding)
Will    .....        (no amulet) Stlth
                     g - ring of resist corrosion
HPRegen 0.26/turn    (no ring)
MPRegen 0.09/turn

%: roll
@: no status effects
A: large, deformed body, tough skin 3, armoured tail, roll 1
a: no special abilities


You were on level 3 of the Dungeon.
You visited 1 branch of the dungeon, and saw 3 of its levels.

You collected 64 gold pieces.

Inventory:

Hand Weapons
 a - a +0 flail (weapon)
Armour
 b - a +0 scale mail (worn)
 c - a +0 buckler (worn)
Jewellery
 g - a ring of resist corrosion (left hand)
 i - a ring of positive energy
Scrolls
 j - a scroll of teleportation
 m - a scroll of immolation {unknown}
Potions
 d - a potion of might
 e - 3 potions of curing
 f - a potion of lignification
 h - a potion of ambrosia {unknown}
 k - a potion of berserk rage {unknown}
 l - a potion of degeneration {unknown}


   Skills:
 + Level 3.0 Fighting
 * Level 2.7 Maces & Flails
 + Level 4.1 Armour
 + Level 3.8 Shields
 * Level 1.7 Invocations
 * Level 1.8 Evocations


You had 3 spell levels left.
You didn't know any spells.
Your spell library was empty.

Dungeon Overview and Level Annotations

Branches:
Dungeon (3/15)

Altars:
Hepliaklqana


Innate Abilities, Weirdness & Mutations

Armour fits poorly on your strangely shaped body.
You have extremely tough skin. (AC +3)
You have a long armoured tail.
You regenerate magic when rolling toward enemies. (Rampage MPRegen)


Message History

The gnoll hits you from afar with a +0 halberd.
You barely miss the gnoll.
The gnoll is moderately wounded.
The gnoll barely misses you. x2
You barely miss the gnoll.
The gnoll is moderately wounded.
The gnoll hits you with a +0 club. You block the gnoll's attack.
The gnoll hits you from afar with a +0 halberd!
You hit the gnoll.
The gnoll is moderately wounded.
The gnoll hits you but does no damage. The gnoll barely misses you.
You barely miss the gnoll.
Your tail-slap misses the gnoll.
The gnoll is moderately wounded.
The gnoll barely misses you. You block the gnoll's attack.
You hit the gnoll. You tail-slap the gnoll.
The gnoll is almost dead.
The gnoll hits you from afar with a +0 halberd!
The gnoll closely misses you.
You are too injured to fight recklessly!
You are too injured to fight recklessly!
You are too injured to fight recklessly!
You are too injured to fight recklessly!
You are too injured to fight recklessly!
You are too injured to fight recklessly!
You are too injured to fight recklessly!
You are too injured to fight recklessly!
You are too injured to fight recklessly!
You are too injured to fight recklessly!
You are too injured to fight recklessly!
You are too injured to fight recklessly!
You are too injured to fight recklessly!
You are too injured to fight recklessly!
You are too injured to fight recklessly!
You are too injured to fight recklessly!
You are too injured to fight recklessly!
Unknown command.
You hit the gnoll but do no damage. You tail-slap the gnoll.
You kill the gnoll!
The gnoll hits you from afar with a +0 halberd!
You die...

#..# .# .##..### ###.#
.......###...####
................#
####....#######...
.........######
#####.<.......#
..........##########..#
#..........#.?..@gg...#
>............#####......
.........>.....# .....
..........####.# ....
..........# ## ...
..........# ..
#........## .
.......<..# ......)...#
#


You could see 2 gnolls.

Vanquished Creatures
  An orc priest (D:2)
  An orc wizard (D:3)
  A gnoll (D:3)
  An adder (D:2)
  A dart slug (D:1)
  A ribbon worm (D:2)
  4 orcs
  3 ball pythons
  6 endoplasms
  4 giant cockroaches
  3 goblins
  6 hobgoblins
  4 kobolds
  4 quokkas
  6 bats
  A frilled lizard (D:3)
  5 rats
52 creatures vanquished.

Notes
Turn   | Place    | Note
-------+----------+-------------------------------------------
     0 | D:1      | Gadfly the Armataur Fighter began the quest for the Orb.
     0 | D:1      | Reached XP level 1. HP: 18/18 MP: 1/1
   116 | D:1      | Reached XP level 2. HP: 25/25 MP: 2/2
   347 | D:1      | Reached skill level 1 in Evocations
   350 | D:1      | Reached skill level 1 in Invocations
   687 | D:2      | Reached XP level 3. HP: 30/30 MP: 3/3
  1274 | D:2      | Identified the +0 robe of Bygast {Int+3}
  1660 | D:3      | Found a hazy altar of Hepliaklqana.
  1682 | D:2      | Reached XP level 4. HP: 14/38 MP: 5/5
  1688 | D:2      | Reached skill level 4 in Armour
  1935 | D:3      | Slain by a gnoll

Illustrated notes

Levels and vault maps discovered:
D:1:      eino_arrival_cavern_d, layout_basic, chequers_serial_rivers_micro_a
D:2:      layout_basic
D:3:      layout_rooms, nicolae_hepliaklqana_hazy_memory,
          nicolae_ru_great_annihilating_truth

Skill      XL: |  1  2  3  4 |
---------------+-------------+-----
Maces & Flails | 2 |  2.7
Evocations     | 1 |  1.8
Invocations    | 1 |  1.7
Fighting       | 3 |  3.0
Armour         | 4 |  4.1
Shields        | |  3.8

Action                     |  1- 3 |  4- 6 || total
---------------------------+-------+-------++-------
  Melee: Flail             |   126 |    35 ||   161
         Tailslap          |    15 |     9 ||    24
    Use: Scroll            |     4 |       ||     4
         Potion            |     1 |       ||     1
 Armour: Scale mail        |   106 |    41 ||   147
  Dodge: Dodged            |    51 |    11 ||    62
  Block: Buckler           |    32 |     5 ||    37
